| TOP OF THE 1ST |
|
Delmarva Shorebirds batting - Pitching for Charleston RiverDogs : RHP Bobby McDonnell
|
|
Pitching: RHP Bobby McDonnell
|
|
|
Batting: RHB Francisco Viera
|
0-0: Foul Ball, location: 2F 0-1: SINGLE (Groundball, 56S, EV 63.8 MPH) (infield hit)
|
|
Batting: RHB Daniel Jackson
|
0-0: Called Strike Francisco Viera steals 2nd base 0-1: Fly out, F7 (Flyball, 7LSF, EV 85.6 MPH)
|
|
Batting: RHB Luke Vaccarino
|
0-0: Ball 1-0: Ball Francisco Viera steals 3rd base 2-0: Ball 3-0: Fly out, F8 (Flyball, 89M, EV 98.1 MPH) Runner from 3rd tags up, SCORES, no throw by CF
|
|
Batting: RHB Ismael Macedo
|
0-0: Foul Ball, location: 2F 0-1: SINGLE (Groundball, 56D, EV 103.8 MPH)
|
|
Batting: LHB Keith Long
|
0-0: Called Strike 0-1: Ball 1-1: Foul Ball, location: 2F 1-2: Ground out 4-3 (Groundball, 34, EV 85.6 MPH)
|
| Top of the 1st over - 1 run, 2 hits, 0 errors, 1 left on base; Delmarva 1 - Charleston 0 |
| BOTTOM OF THE 1ST |
|
Charleston RiverDogs batting - Pitching for Delmarva Shorebirds : RHP Kevin Stewart
|
|
Pitching: RHP Kevin Stewart
|
|
|
Batting: LHB Justin O'Neal
|
0-0: Called Strike 0-1: Ball 1-1: Ground out 5-3 (Groundball, 5S, EV 74.4 MPH)
|
|
Batting: SHB Corey Penson
|
0-0: Ball 1-0: Foul Ball, location: 2F 1-1: Foul Ball, location: 2F 1-2: Foul Ball, location: 2F 1-2: Foul Ball, location: 2F 1-2: Ball 2-2: Strikes out swinging
|
|
Batting: LHB Ernesto Abreu
|
0-0: Swinging Strike 0-1: Called Strike 0-2: Strikes out swinging
|
| Bottom of the 1st over - 0 runs, 0 hits, 0 errors, 0 left on base; Delmarva 1 - Charleston 0 |
| TOP OF THE 2ND |
|
Delmarva Shorebirds batting - Pitching for Charleston RiverDogs : RHP Bobby McDonnell
|
|
Batting: LHB Ralph Braine
|
0-0: Called Strike 0-1: Swinging Strike 0-2: Ball 1-2: Strikes out swinging
|
|
Batting: RHB Matt O'Dea
|
0-0: Called Strike 0-1: Called Strike 0-2: Strikes out swinging
|
|
Batting: RHB Dave Perron
|
0-0: Ball 1-0: Ground out 5-3 (Groundball, 56, EV 93.1 MPH)
|
| Top of the 2nd over - 0 runs, 0 hits, 0 errors, 0 left on base; Delmarva 1 - Charleston 0 |
| BOTTOM OF THE 2ND |
|
Charleston RiverDogs batting - Pitching for Delmarva Shorebirds : RHP Kevin Stewart
|
|
Batting: RHB Jonathan Iniguez
|
0-0: Foul Ball, location: 2F 0-1: Ball 1-1: Foul Ball, location: 2F 1-2: Ball 2-2: SINGLE (Groundball, 56D, EV 108.1 MPH)
|
|
Batting: RHB Mike Zern
|
Pickoff Play to 1st, Runner tries for 2nd, OUT after rundown. 0-0: Ground out 6-3 (Groundball, 6, EV 100.0 MPH)
|
|
Batting: LHB Dale Anderson
|
0-0: Ball 1-0: Foul Ball, location: 2F 1-1: Ball 2-1: Fly out, F7 (Flyball, 7, EV 81.2 MPH)
|
| Bottom of the 2nd over - 0 runs, 1 hit, 0 errors, 0 left on base; Delmarva 1 - Charleston 0 |
| TOP OF THE 3RD |
|
Delmarva Shorebirds batting - Pitching for Charleston RiverDogs : RHP Bobby McDonnell
|
|
Batting: RHB Honório Szenes
|
0-0: Called Strike 0-1: Foul Ball, location: 2F 0-2: Hit by Pitch
|
|
Batting: RHB Francisco Viera
|
0-0: Fly out, F4 (Flyball, 4D, EV 83.1 MPH)
|
|
Batting: RHB Daniel Jackson
|
0-0: Swinging Strike 0-1: Ball Passed Ball! Honório Szenes to second 1-1: Called Strike 1-2: Ball 2-2: Fly out, F5 (Line Drive, 5, EV 65.6 MPH)
|
|
Batting: RHB Luke Vaccarino
|
0-0: Ball 1-0: Called Strike 1-1: Called Strike 1-2: Fly out, F9 (Flyball, 89S, EV 88.1 MPH)
|
| Top of the 3rd over - 0 runs, 0 hits, 0 errors, 1 left on base; Delmarva 1 - Charleston 0 |
| BOTTOM OF THE 3RD |
|
Charleston RiverDogs batting - Pitching for Delmarva Shorebirds : RHP Kevin Stewart
|
|
Batting: LHB Marc Durgin
|
0-0: Ground out 5-3 (Groundball, 56S, EV 68.8 MPH)
|
|
Batting: RHB Louwe Starmans
|
0-0: Ball 1-0: Ball 2-0: Swinging Strike 2-1: Ball 3-1: Base on Balls
|
|
Batting: RHB Bobby White
|
0-0: Called Strike 0-1: Ball 1-1: Foul Ball, location: 2F 1-2: Fielders Choice at 2nd, 4-6 (Groundball, 4, EV 82.5 MPH)
|
|
Batting: LHB Justin O'Neal
|
0-0: Ball 1-0: Ball 2-0: Swinging Strike 2-1: Foul Ball, location: 2F 2-2: Ball 3-2: Base on Balls Bobby White to second
|
|
Batting: SHB Corey Penson
|
0-0: Fly out, F8 (Flyball, 8RD, EV 88.8 MPH)
|
| Bottom of the 3rd over - 0 runs, 0 hits, 0 errors, 2 left on base; Delmarva 1 - Charleston 0 |
| TOP OF THE 4TH |
|
Delmarva Shorebirds batting - Pitching for Charleston RiverDogs : RHP Bobby McDonnell
|
|
Batting: RHB Ismael Macedo
|
0-0: Ground out 6-3 (Groundball, 6, EV 88.1 MPH)
|
|
Batting: LHB Keith Long
|
0-0: Fly out, F5 (Popup, 5F, EV 75.6 MPH)
|
|
Batting: LHB Ralph Braine
|
0-0: Foul Ball, location: 2F 0-1: Foul Ball, location: 2F 0-2: Ball 1-2: Foul Ball, location: 2F 1-2: Strikes out looking
|
| Top of the 4th over - 0 runs, 0 hits, 0 errors, 0 left on base; Delmarva 1 - Charleston 0 |
| BOTTOM OF THE 4TH |
|
Charleston RiverDogs batting - Pitching for Delmarva Shorebirds : RHP Kevin Stewart
|
|
Batting: LHB Ernesto Abreu
|
0-0: Ball 1-0: Ground out U3 (Groundball, 3S, EV 66.9 MPH)
|
|
Batting: RHB Jonathan Iniguez
|
0-0: Called Strike 0-1: Fly out, F8 (Flyball, 8LD, EV 101.9 MPH)
|
|
Batting: RHB Mike Zern
|
0-0: Called Strike 0-1: Ball 1-1: Ball 2-1: SINGLE (Line Drive, 7S, EV 100.6 MPH)
|
|
Batting: LHB Dale Anderson
|
0-0: Foul Ball, location: 2F 0-1: Ground out U3 (Groundball, 3, EV 85.6 MPH)
|
| Bottom of the 4th over - 0 runs, 1 hit, 0 errors, 1 left on base; Delmarva 1 - Charleston 0 |
| TOP OF THE 5TH |
|
Delmarva Shorebirds batting - Pitching for Charleston RiverDogs : RHP Bobby McDonnell
|
|
Batting: RHB Matt O'Dea
|
0-0: Ball 1-0: Ball 2-0: Called Strike 2-1: Foul Ball, location: 2F 2-2: Strikes out looking
|
|
Batting: RHB Dave Perron
|
0-0: Ball 1-0: Fly out, F7 (Flyball, 78M, EV 86.9 MPH)
|
|
Batting: RHB Honório Szenes
|
0-0: Called Strike 0-1: Swinging Strike 0-2: Ball 1-2: Strikes out looking
|
| Top of the 5th over - 0 runs, 0 hits, 0 errors, 0 left on base; Delmarva 1 - Charleston 0 |
| BOTTOM OF THE 5TH |
|
Charleston RiverDogs batting - Pitching for Delmarva Shorebirds : RHP Kevin Stewart
|
|
Batting: LHB Marc Durgin
|
0-0: Called Strike 0-1: Foul Ball, location: 2F 0-2: Ball 1-2: Strikes out swinging
|
|
Batting: RHB Louwe Starmans
|
0-0: Fly out, F7 (Flyball, 7, EV 86.9 MPH)
|
|
Batting: RHB Bobby White
|
0-0: Fly out, F8 (Flyball, 89M, EV 77.5 MPH)
|
| Bottom of the 5th over - 0 runs, 0 hits, 0 errors, 0 left on base; Delmarva 1 - Charleston 0 |
| TOP OF THE 6TH |
|
Delmarva Shorebirds batting - Pitching for Charleston RiverDogs : RHP Bobby McDonnell
|
|
Batting: RHB Francisco Viera
|
0-0: Foul Ball, location: 2F 0-1: Ball 1-1: Foul Ball, location: 2F 1-2: Ball 2-2: Foul Ball, location: 2F 2-2: Foul Ball, location: 2F 2-2: Strikes out swinging
|
|
Batting: RHB Daniel Jackson
|
0-0: Called Strike 0-1: Ball 1-1: Ground out U3 (Groundball, 34, EV 101.9 MPH)
|
|
Batting: RHB Luke Vaccarino
|
0-0: Swinging Strike 0-1: Ball 1-1: Called Strike 1-2: Ball 2-2: Ground out 5-3 (Groundball, 56, EV 104.4 MPH)
|
| Top of the 6th over - 0 runs, 0 hits, 0 errors, 0 left on base; Delmarva 1 - Charleston 0 |
| BOTTOM OF THE 6TH |
|
Charleston RiverDogs batting - Pitching for Delmarva Shorebirds : RHP Kevin Stewart
|
|
Batting: LHB Justin O'Neal
|
0-0: Called Strike 0-1: SINGLE (Line Drive, 3D, EV 97.5 MPH)
|
|
Batting: SHB Corey Penson
|
0-0: Grounds into double play, 5-4-3 (Groundball, 56, EV 81.9 MPH)
|
|
Batting: LHB Ernesto Abreu
|
0-0: Foul Ball, location: 2F 0-1: Ball 1-1: Ground out 6-3 (Groundball, 56, EV 91.9 MPH)
|
| Bottom of the 6th over - 0 runs, 1 hit, 0 errors, 0 left on base; Delmarva 1 - Charleston 0 |
| TOP OF THE 7TH |
|
Delmarva Shorebirds batting - Pitching for Charleston RiverDogs : RHP Bobby McDonnell
|
|
Batting: RHB Ismael Macedo
|
0-0: Called Strike 0-1: DOUBLE (Flyball, 78XD, EV 92.5 MPH)
|
|
Batting: LHB Keith Long
|
0-0: Fly out, F8 (Flyball, 8LD, EV 103.1 MPH)
|
|
Batting: LHB Ralph Braine
|
0-0: Intentional Walk
|
|
Batting: RHB Matt O'Dea
|
0-0: Ball Ismael Macedo steals 3rd base Ralph Braine to second 1-0: Ball 2-0: Foul Ball, location: 2F 2-1: Ground out U3 (Groundball, 34S, EV 88.1 MPH)
|
|
Batting: RHB Dave Perron
|
0-0: Foul Ball, location: 2F 0-1: Foul Ball, location: 2F 0-2: TRIPLE (Line Drive, 9LM, EV 101.2 MPH) Ismael Macedo scores Ralph Braine scores
|
|
Batting: RHB Honório Szenes
|
0-0: Called Strike 0-1: Ball 1-1: Foul Ball, location: 2F 1-2: Ball 2-2: Ground out 5-3 (Groundball, 56S, EV 73.8 MPH)
|
| Top of the 7th over - 2 runs, 2 hits, 0 errors, 1 left on base; Delmarva 3 - Charleston 0 |
| BOTTOM OF THE 7TH |
|
Charleston RiverDogs batting - Pitching for Delmarva Shorebirds : RHP Kevin Stewart
|
|
Batting: RHB Jonathan Iniguez
|
0-0: Foul Ball, location: 2F 0-1: SINGLE (Flyball, 9S, EV 93.8 MPH)
|
|
Batting: RHB Mike Zern
|
0-0: Ball 1-0: Called Strike 1-1: Called Strike 1-2: Strikes out looking
|
|
Batting: LHB Dale Anderson
|
0-0: Called Strike 0-1: Called Strike 0-2: SINGLE (Line Drive, 4M, EV 100.6 MPH) Jonathan Iniguez to second
|
|
Batting: LHB Marc Durgin
|
0-0: Called Strike 0-1: Fly out, F6 (Popup, 4M, EV 61.2 MPH)
|
|
Pinch Hitting: LHB Jeremiah Walker
|
0-0: Foul Ball, location: 2F 0-1: Foul Ball, location: 2F 0-2: Foul Ball, location: 2F 0-2: SINGLE (Groundball, 34D, EV 110.0 MPH) Jonathan Iniguez to third Dale Anderson to second Runner from 3rd tries for Home, SAFE, throw by RF to home
|
|
Pinch Runner at 2nd Francisco Vargas:
|
|
|
Batting: RHB Bobby White
|
0-0: Ball 1-0: DOUBLE (Line Drive, 78D, EV 109.4 MPH) Francisco Vargas scores Jeremiah Walker to third
|
|
Batting: LHB Justin O'Neal
|
0-0: Ball 1-0: Ball 2-0: Called Strike 2-1: Ball 3-1: Foul Ball, location: 2F 3-2: Base on Balls
|
|
Batting: SHB Corey Penson
|
0-0: SINGLE (Groundball, 34D, EV 105.0 MPH) Jeremiah Walker scores Bobby White to third Justin O'Neal to second Runner from 3rd tries for Home, SAFE, throw by RF to home
|
|
Batting: LHB Ernesto Abreu
|
0-0: Ball 1-0: Foul Ball, location: 2F 1-1: Called Strike 1-2: Ball 2-2: Ball 3-2: Foul Ball, location: 2F 3-2: Fly out, F8 (Flyball, 8LM, EV 90.0 MPH)
|
| Bottom of the 7th over - 4 runs, 5 hits, 0 errors, 2 left on base; Delmarva 3 - Charleston 4 |
| TOP OF THE 8TH |
|
Delmarva Shorebirds batting - Pitching for Charleston RiverDogs : RHP Bobby McDonnell
|
|
Pitching: RHP Greg Ritchie
|
|
|
Now at 3B: Lorenzo Vasquez
|
|
|
Batting: RHB Francisco Viera
|
0-0: Fly out, F9 (Flyball, 89M, EV 93.1 MPH)
|
|
Batting: RHB Daniel Jackson
|
0-0: Called Strike 0-1: Ball 1-1: Ball 2-1: Ball 3-1: Base on Balls
|
|
Batting: RHB Luke Vaccarino
|
0-0: Ball 1-0: Ball 2-0: Called Strike 2-1: Called Strike 2-2: Foul Ball, location: 2F 2-2: Ball 3-2: Fly out, F9 (Flyball, 9D, EV 105.0 MPH)
|
|
Batting: RHB Ismael Macedo
|
0-0: Ball 1-0: SINGLE (Line Drive, 78S, EV 94.4 MPH) Daniel Jackson to second Runner from 2nd tries for 3rd, SAFE, throw by LF made to third
|
|
Batting: LHB Keith Long
|
0-0: Fly out, F8 (Flyball, 8RD, EV 81.9 MPH)
|
| Top of the 8th over - 0 runs, 1 hit, 0 errors, 2 left on base; Delmarva 3 - Charleston 4 |
| BOTTOM OF THE 8TH |
|
Charleston RiverDogs batting - Pitching for Delmarva Shorebirds : RHP Kevin Stewart
|
|
Pitching: RHP Fabiano Ceriani
|
|
|
Batting: RHB Jonathan Iniguez
|
0-0: Foul Ball, location: 2F 0-1: Ground out 4-3 (Groundball, 4, EV 108.8 MPH)
|
|
Batting: RHB Mike Zern
|
0-0: Ball 1-0: Called Strike 1-1: Called Strike 1-2: Strikes out swinging
|
|
Batting: RHB Francisco Vargas
|
0-0: Ball 1-0: Fly out, F8 (Flyball, 8RXD, EV 95.6 MPH)
|
| Bottom of the 8th over - 0 runs, 0 hits, 0 errors, 0 left on base; Delmarva 3 - Charleston 4 |
| TOP OF THE 9TH |
|
Delmarva Shorebirds batting - Pitching for Charleston RiverDogs : RHP Greg Ritchie
|
|
Pitching: LHP Cory Musial
|
|
|
Batting: LHB Ralph Braine
|
0-0: Called Strike 0-1: Ball 1-1: Ball 2-1: Ball 3-1: Ground out 4-3 (Groundball, 4, EV 87.5 MPH)
|
|
Batting: RHB Matt O'Dea
|
0-0: Ball 1-0: Swinging Strike 1-1: Called Strike 1-2: Strikes out swinging
|
|
Batting: RHB Dave Perron
|
0-0: Ball 1-0: Foul Ball, location: 2F 1-1: Foul Ball, location: 2F 1-2: Strikes out swinging
|
| Top of the 9th over - 0 runs, 0 hits, 0 errors, 0 left on base; Delmarva 3 - Charleston 4 |
|